NCAA
CLEMSON TIGERS @ ALABAMA CRIMSON TIDE
04/08/2024
 
TOP OF THE 1ST
Clemson Tigers batting - Pitching for Alabama Crimson Tide : RHP Roy Wiggins
Pitching: RHP Roy Wiggins
Batting: LHB Peter Puckett 0-0: Swinging Strike
0-1: Swinging Strike
0-2: SINGLE (Line Drive, 56)
Batting: RHB Joseph Forrest Pickoff Throw to First - Out!
0-0: Called Strike
0-1: Foul Ball, location: 2F
0-2: DOUBLE (Line Drive, 5D)
Batting: RHB Jonathan Williams 0-0: Ball
1-0: Ball
2-0: Foul Ball, location: 2F
2-1: Called Strike
2-2: Foul Ball, location: 2F
2-2: Fly out, F8 (Flyball, 8LM)
Batting: LHB Edward Rose 0-0: Ball
1-0: Ball
2-0: Swinging Strike
2-1: Ball
3-1: Base on Balls
Batting: RHB Vincent Snow 0-0: Called Strike
0-1: Reached on Error, E6 (Popup, 56D)
Joseph Forrest to third
Edward Rose to second
Batting: RHB Keith Webb 0-0: Ball
1-0: Ball
2-0: Called Strike
2-1: DOUBLE (Line Drive, 78XD)
Joseph Forrest scores
Edward Rose scores
Vincent Snow to third
Batting: RHB Leonard Harris 0-0: Called Strike
0-1: DOUBLE (Line Drive, 7LM)
Vincent Snow scores
Keith Webb scores
Batting: RHB Lee Adams 0-0: Swinging Strike
0-1: Ball
1-1: Ball
2-1: Ball
3-1: Reached on error, E5 (Groundball, 5)
Leonard Harris to third
Batting: LHB Burt Ward 0-0: Called Strike
0-1: Foul Ball, location: 2F
0-2: Strikes out swinging
Top of the 1st over - 4 run(s), 4 hit(s), 2 error(s), 2 left on base; Clemson 4 - Alabama 0
BOTTOM OF THE 1ST
Alabama Crimson Tide batting - Pitching for Clemson Tigers : RHP Dave Rose
Pitching: RHP Dave Rose
Batting: SHB Jorge Dávila 0-0: Swinging Strike
0-1: Ball
1-1: Swinging Strike
1-2: Strikes out swinging
Batting: RHB Rob Mapp 0-0: Ball
1-0: Called Strike
1-1: Ground out 4-3 (Groundball, 4)
Batting: LHB Mike Godfrey 0-0: Ball
1-0: Called Strike
1-1: Called Strike
1-2: Foul Ball, location: 2F
1-2: Strikes out swinging
Bottom of the 1st over - 0 run(s), 0 hit(s), 0 error(s), 0 left on base; Clemson 4 - Alabama 0
TOP OF THE 2ND
Clemson Tigers batting - Pitching for Alabama Crimson Tide : RHP Roy Wiggins
Batting: LHB Peter Puckett 0-0: Ground out 2-3 (Groundball, 2R)
Batting: RHB Joseph Forrest 0-0: Ball
1-0: SOLO HOME RUN (Line Drive, 9D), Distance : 354 ft
Batting: RHB Jonathan Williams 0-0: Ball
1-0: Foul Ball, location: 2F
1-1: Ground out 5-3 (Groundball, 56S)
Batting: LHB Edward Rose 0-0: Ball
1-0: Fly out, F7 (Flyball, 7LM)
Top of the 2nd over - 1 run(s), 1 hit(s), 0 error(s), 0 left on base; Clemson 5 - Alabama 0
BOTTOM OF THE 2ND
Alabama Crimson Tide batting - Pitching for Clemson Tigers : RHP Dave Rose
Batting: LHB Davey Davis 0-0: Ball
1-0: Ground out 1-3 (Groundball, 13S)
Batting: RHB Bob Johnson 0-0: Called Strike
0-1: SINGLE (Line Drive, 34D)
Batting: RHB Eddie Howell 0-0: Fielders Choice at 2nd, 6-4 (Groundball, 6M)
Batting: RHB Andrew O'Dell 0-0: Ball
1-0: Foul Ball, location: 2F
1-1: Ball
2-1: Fielders Choice at 2nd, U4 (Groundball, 4M)
Bottom of the 2nd over - 0 run(s), 1 hit(s), 0 error(s), 1 left on base; Clemson 5 - Alabama 0
TOP OF THE 3RD
Clemson Tigers batting - Pitching for Alabama Crimson Tide : RHP Roy Wiggins
Batting: RHB Vincent Snow 0-0: Called Strike
0-1: Ball
1-1: Swinging Strike
1-2: Foul Ball, location: 2F
1-2: Ground out 6-3 (Groundball, 6)
Batting: RHB Keith Webb 0-0: Ball
1-0: Called Strike
1-1: Ground out 4-3 (Groundball, 4)
Batting: RHB Leonard Harris 0-0: Ball
1-0: Foul Ball, location: 2F
1-1: Ball
2-1: Swinging Strike
2-2: Ball
3-2: Strikes out swinging
Top of the 3rd over - 0 run(s), 0 hit(s), 0 error(s), 0 left on base; Clemson 5 - Alabama 0
BOTTOM OF THE 3RD
Alabama Crimson Tide batting - Pitching for Clemson Tigers : RHP Dave Rose
Batting: LHB Jorge Cuero 0-0: SINGLE (Flyball, 89S)
Batting: LHB Fred Abrams 0-0: Called Strike
0-1: Called Strike
0-2: Foul Ball, location: 2F
0-2: Ball
1-2: Strikes out swinging
Batting: SHB Jorge Dávila 0-0: Ball
1-0: Foul Ball, location: 2F
1-1: SINGLE (Groundball, 56D)
Jorge Cuero to second
Batting: RHB Rob Mapp 0-0: Called Strike
0-1: Ball
1-1: Ball
2-1: Ball
3-1: Base on Balls
Jorge Cuero to third
Jorge Dávila to second
Batting: LHB Mike Godfrey 0-0: Ball
1-0: Fielders Choice at 2nd, 4-6 (Groundball, 34)
Jorge Cuero scores
Jorge Dávila to third
Batting: LHB Davey Davis 0-0: Foul Ball, location: 2F
0-1: Foul Ball, location: 2F
0-2: Ball
1-2: Foul Ball, location: 2F
1-2: Strikes out swinging
Bottom of the 3rd over - 1 run(s), 2 hit(s), 0 error(s), 2 left on base; Clemson 5 - Alabama 1
TOP OF THE 4TH
Clemson Tigers batting - Pitching for Alabama Crimson Tide : RHP Roy Wiggins
Batting: RHB Lee Adams 0-0: Ball
1-0: Foul Ball, location: 2F
1-1: Swinging Strike
1-2: Ball
2-2: Ball
3-2: Strikes out looking
Batting: LHB Burt Ward 0-0: Ball
1-0: Ball
2-0: Called Strike
2-1: Fly out, F7 (Flyball, 7M)
Batting: LHB Peter Puckett 0-0: Ball
1-0: Called Strike
1-1: Called Strike
1-2: Ground out 5-3 (Groundball, 56S)
Top of the 4th over - 0 run(s), 0 hit(s), 0 error(s), 0 left on base; Clemson 5 - Alabama 1
BOTTOM OF THE 4TH
Alabama Crimson Tide batting - Pitching for Clemson Tigers : RHP Dave Rose
Batting: RHB Bob Johnson 0-0: Ball
1-0: SINGLE (Groundball, 5D)
Batting: RHB Eddie Howell 0-0: Ground out U3 (Groundball, 3S)
Bob Johnson to second
Batting: RHB Andrew O'Dell 0-0: Called Strike
0-1: Ball
1-1: Fly out, F3 (Popup, 3S)
Batting: LHB Jorge Cuero 0-0: Ball
1-0: SINGLE (Groundball, 6MD) (infield hit)
Bob Johnson to third
Batting: LHB Fred Abrams 0-0: Ball
1-0: Ground out 4-3 (Groundball, 4)
Bottom of the 4th over - 0 run(s), 2 hit(s), 0 error(s), 2 left on base; Clemson 5 - Alabama 1
TOP OF THE 5TH
Clemson Tigers batting - Pitching for Alabama Crimson Tide : RHP Roy Wiggins
Batting: RHB Joseph Forrest 0-0: Called Strike
0-1: TRIPLE (Flyball, 89M)
Batting: RHB Jonathan Williams 0-0: Ground out 4-3 (Groundball, 4MD)
Joseph Forrest scores
Batting: LHB Edward Rose 0-0: Foul Ball, location: 2F
0-1: Swinging Strike
0-2: Ball
1-2: Ball
2-2: Fly out, F9 (Flyball, 89S)
Batting: RHB Vincent Snow 0-0: Swinging Strike
0-1: Swinging Strike
0-2: Ball
1-2: Strikes out looking
Top of the 5th over - 1 run(s), 1 hit(s), 0 error(s), 0 left on base; Clemson 6 - Alabama 1
BOTTOM OF THE 5TH
Alabama Crimson Tide batting - Pitching for Clemson Tigers : RHP Dave Rose
Batting: SHB Jorge Dávila 0-0: Ball
1-0: Ball
2-0: Ball
3-0: Called Strike
3-1: Ground out 6-3 (Groundball, 6MS)
Batting: RHB Rob Mapp 0-0: Called Strike
0-1: Ball
1-1: Fly out, F4 (Line Drive, 4)
Batting: LHB Mike Godfrey 0-0: Called Strike
0-1: Foul Ball, location: 2F
0-2: Fly out, F8 (Flyball, 8RS)
Bottom of the 5th over - 0 run(s), 0 hit(s), 0 error(s), 0 left on base; Clemson 6 - Alabama 1
TOP OF THE 6TH
Clemson Tigers batting - Pitching for Alabama Crimson Tide : RHP Roy Wiggins
Pitching: RHP Jack Horton
Batting: RHB Keith Webb 0-0: Called Strike
0-1: Swinging Strike
0-2: Ball
1-2: Ball
2-2: Fly out, F8 (Line Drive, 8LXD)
Batting: RHB Leonard Harris 0-0: Called Strike
0-1: Ball
1-1: Called Strike
1-2: Ball
2-2: Ball
3-2: SINGLE (Line Drive, 7LS)
Batting: RHB Lee Adams 0-0: Swinging Strike
0-1: Ball
1-1: 2-RUN HOME RUN (Line Drive, 7D), Distance : 346 ft
Batting: LHB Burt Ward 0-0: Called Strike
0-1: Foul Ball, location: 2F
0-2: Ball
1-2: Foul Ball, location: 2F
1-2: SOLO HOME RUN (Flyball, 9D), Distance : 355 ft
Batting: LHB Peter Puckett 0-0: Foul Ball, location: 2F
0-1: Ball
1-1: Ball
2-1: Foul Ball, location: 2F
2-2: Foul Ball, location: 2F
2-2: Strikes out swinging
Batting: RHB Joseph Forrest 0-0: Ball
1-0: Ball
2-0: Ball
3-0: Called Strike
3-1: Base on Balls
Batting: RHB Jonathan Williams 0-0: Called Strike
0-1: 2-RUN HOME RUN (Flyball, 7LD), Distance : 336 ft
Batting: LHB Edward Rose 0-0: Called Strike
0-1: Ground out 3-1 (Groundball, 34)
Top of the 6th over - 5 run(s), 4 hit(s), 0 error(s), 0 left on base; Clemson 11 - Alabama 1
BOTTOM OF THE 6TH
Alabama Crimson Tide batting - Pitching for Clemson Tigers : RHP Dave Rose
Batting: LHB Davey Davis 0-0: Called Strike
0-1: Fly out, F2 (Popup, 2RF)
Batting: RHB Bob Johnson 0-0: SINGLE (Line Drive, 4D)
Batting: RHB Eddie Howell 0-0: Foul Ball, location: 2F
0-1: Ball
1-1: Foul Ball, location: 2F
1-2: Ball
2-2: Strikes out swinging
Batting: RHB Andrew O'Dell 0-0: Ball
1-0: Ball
2-0: Ball
3-0: Base on Balls
Bob Johnson to second
Batting: LHB Jorge Cuero 0-0: Called Strike
0-1: Called Strike
0-2: Ball
1-2: Ball
2-2: Ball
3-2: Strikes out swinging
Bottom of the 6th over - 0 run(s), 1 hit(s), 0 error(s), 2 left on base; Clemson 11 - Alabama 1
TOP OF THE 7TH
Clemson Tigers batting - Pitching for Alabama Crimson Tide : RHP Jack Horton
Pitching: RHP Don Kirk
Batting: RHB Vincent Snow 0-0: Called Strike
0-1: Ball
1-1: Called Strike
1-2: Strikes out swinging
Batting: RHB Keith Webb 0-0: Ball
1-0: Ground out 6-3 (Groundball, 56)
Batting: RHB Leonard Harris 0-0: Called Strike
0-1: Ball
1-1: Swinging Strike
1-2: Foul Ball, location: 2F
1-2: Foul Ball, location: 2F
1-2: Foul Ball, location: 2F
1-2: Strikes out swinging
Top of the 7th over - 0 run(s), 0 hit(s), 0 error(s), 0 left on base; Clemson 11 - Alabama 1
BOTTOM OF THE 7TH
Alabama Crimson Tide batting - Pitching for Clemson Tigers : RHP Dave Rose
Pitching: RHP Neal McElroy
Batting: LHB Fred Abrams 0-0: SINGLE (Groundball, 4M)
Batting: SHB Jorge Dávila 0-0: Called Strike
0-1: Ball
1-1: Foul Ball, location: 2F
1-2: Foul Ball, location: 2F
1-2: Ball
2-2: Strikes out swinging
Batting: RHB Rob Mapp 0-0: Called Strike
0-1: Ball
1-1: Ball
2-1: Ball
3-1: Foul Ball, location: 2F
3-2: Base on Balls
Fred Abrams to second
Batting: LHB Mike Godfrey 0-0: Ball
1-0: Called Strike
1-1: Ball
2-1: Fly out, F9 (Flyball, 89M)
Batting: LHB Davey Davis 0-0: Foul Ball, location: 2F
0-1: Hit by Pitch
Fred Abrams to third
Rob Mapp to second
Batting: RHB Bob Johnson 0-0: Ball
Wild Pitch!
Fred Abrams scores
Rob Mapp to third
Davey Davis to second
1-0: Called Strike
1-1: DOUBLE (Flyball, 9LS)
Rob Mapp scores
Davey Davis scores
Batting: RHB Eddie Howell 0-0: Foul Ball, location: 2F
0-1: Ball
1-1: Fly out, F3 (Popup, 3)
Bottom of the 7th over - 3 run(s), 2 hit(s), 0 error(s), 1 left on base; Clemson 11 - Alabama 4
TOP OF THE 8TH
Clemson Tigers batting - Pitching for Alabama Crimson Tide : RHP Don Kirk
Batting: RHB Lee Adams 0-0: Ball
1-0: Ball
2-0: Ball
3-0: Called Strike
3-1: Base on Balls
Batting: LHB Burt Ward 0-0: Bunt missed!
0-1: Bunted foul
0-2: Foul Ball, location: 2F
0-2: Ball
1-2: Ball
2-2: Ball
3-2: Base on Balls
Lee Adams to second
Batting: LHB Peter Puckett 0-0: Ground out 5-3 (Groundball, 56S)
Lee Adams to third
Burt Ward to second
Batting: RHB Joseph Forrest 0-0: Ball
1-0: 3-RUN HOME RUN (Line Drive, 7LD), Distance : 333 ft
Batting: RHB Jonathan Williams 0-0: Ball
1-0: Fly out, F8 (Flyball, 8RM)
Batting: LHB Edward Rose 0-0: Foul Ball, location: 2F
0-1: Ball
1-1: Called Strike
1-2: Strikes out swinging
Top of the 8th over - 3 run(s), 1 hit(s), 0 error(s), 0 left on base; Clemson 14 - Alabama 4
BOTTOM OF THE 8TH
Alabama Crimson Tide batting - Pitching for Clemson Tigers : RHP Neal McElroy
Batting: RHB Andrew O'Dell 0-0: Ball
1-0: Ball
2-0: Ball
3-0: Base on Balls
Batting: LHB Jorge Cuero 0-0: Fly out, F7 (Flyball, 78M)
Batting: LHB Fred Abrams 0-0: Called Strike
0-1: Ball
1-1: Called Strike
1-2: Strikes out swinging
Batting: SHB Jorge Dávila 0-0: Ball
1-0: Called Strike
1-1: SINGLE (Groundball, 34S)
Andrew O'Dell to second
Throwing error, E9
Andrew O'Dell scores
Jorge Dávila to second
Pitching: RHP José Limón
Batting: RHB Rob Mapp 0-0: Swinging Strike
0-1: Swinging Strike
0-2: Strikes out swinging
Bottom of the 8th over - 1 run(s), 1 hit(s), 1 error(s), 1 left on base; Clemson 14 - Alabama 5
TOP OF THE 9TH
Clemson Tigers batting - Pitching for Alabama Crimson Tide : RHP Don Kirk
Batting: RHB Vincent Snow 0-0: Ball
1-0: Swinging Strike
1-1: Ball
2-1: Foul Ball, location: 2F
2-2: Ball
3-2: Base on Balls
Batting: RHB Keith Webb 0-0: Bunted foul
0-1: Sac Bunt - play at first, batter OUT! U3
Vincent Snow to second
Batting: RHB Leonard Harris 0-0: Called Strike
0-1: Ball
1-1: DOUBLE (Flyball, 7LD)
Vincent Snow scores
Batting: RHB Lee Adams 0-0: Ball
1-0: Called Strike
1-1: Foul Ball, location: 2F
1-2: Foul Ball, location: 2F
1-2: Foul Ball, location: 2F
1-2: Ball
Balk!
Leonard Harris to third
2-2: Ball
3-2: Foul Ball, location: 2F
3-2: Base on Balls
Pitching: RHP James Martin
Batting: LHB Burt Ward 0-0: Foul Ball, location: 2F
0-1: Foul Ball, location: 2F
0-2: Strikes out swinging
Batting: LHB Peter Puckett 0-0: Ball
1-0: Foul Ball, location: 2F
1-1: Swinging Strike
1-2: Ground out 1-3 (Groundball, 23)
Top of the 9th over - 1 run(s), 1 hit(s), 0 error(s), 2 left on base; Clemson 15 - Alabama 5
BOTTOM OF THE 9TH
Alabama Crimson Tide batting - Pitching for Clemson Tigers : RHP José Limón
Now at C: Alejandro Flores
Now in RF: Ralph Jackson
Batting: LHB Mike Godfrey 0-0: Ball
1-0: Foul Ball, location: 2F
1-1: Foul Ball, location: 2F
1-2: Foul Ball, location: 2F
1-2: Ball
2-2: Foul Ball, location: 2F
2-2: Foul Ball, location: 2F
2-2: SOLO HOME RUN (Flyball, 89XD), Distance : 382 ft
Batting: LHB Davey Davis 0-0: Called Strike
0-1: Swinging Strike
0-2: Strikes out swinging
Batting: RHB Bob Johnson 0-0: Ball
1-0: Ball
2-0: Ball
3-0: Base on Balls
Batting: RHB Eddie Howell 0-0: Ball
1-0: Swinging Strike
1-1: Ball
2-1: Foul Ball, location: 2F
2-2: Ball
3-2: Foul Ball, location: 2F
3-2: Foul Ball, location: 2F
3-2: Foul Ball, location: 2F
3-2: Base on Balls
Bob Johnson to second
Pitching: LHP Ron Gould
Batting: RHB Andrew O'Dell 0-0: Swinging Strike
0-1: Ball
1-1: Ball
2-1: Ball
3-1: Swinging Strike
3-2: Fly out, F8 (Flyball, 8LXD)
Runner from 2nd tags up, SAFE at 3rd, no throw
Batting: LHB Jorge Cuero 0-0: Called Strike
0-1: Called Strike
0-2: Ball
1-2: Ball
2-2: Foul Ball, location: 2F
2-2: Foul Ball, location: 2F
2-2: Ground out 4-3 (Groundball, 4)
Bottom of the 9th over - 1 run(s), 1 hit(s), 0 error(s), 2 left on base; Clemson 15 - Alabama 6
This league is powered by Out of the Park Baseball, the baseball management simulation game for PC, Mac and Linux
Saturday, April 9th, 2016 - OOTP Baseball 16.8 Build 38